 Dungeon Crawl Stone Soup version 0.21.1-1-g345015fe64 (webtiles) character file.

32 Ivernyr the Charmwright (level 3, -1/28 HPs)
             Began as a Demonspawn Skald on Apr 28, 2018.
             Slain by a worm (10 damage)
             ... on level 2 of the Dungeon.
             The game lasted 00:01:31 (1162 turns).

Ivernyr the Charmwright (Demonspawn Skald)          Turns: 1162, Time: 00:01:32

Health: -1/28      AC:  3    Str: 11    XL:     3   Next: 8%
Magic:  2/6        EV: 12    Int: 14    God:
Gold:   69         SH:  0    Dex: 13    Spells: 1/6 levels left

rFire    . . .     SeeInvis .   a - +0 falchion
rCold    . . .     Gourm    .   (no shield)
rNeg     . . .     Faith    .   b - +0 leather armour
rPois    .         Spirit   .   (helmet restricted)
rElec    .         Reflect  .   (no cloak)
rCorr    .         Harm     .   (no gloves)
MR       .....                  (no boots)
Stlth    +.........             (no amulet)
HPRegen  0.09/turn              (no ring)
MPRegen  0.10/turn              (no ring)

@: very slightly contaminated
A: horns 1
a: no special abilities


You were on level 2 of the Dungeon.
You were not hungry.

You visited 1 branch of the dungeon, and saw 2 of its levels.

You collected 69 gold pieces.

Inventory:

Hand Weapons
 a - a +0 falchion (weapon)
Armour
 b - a +0 leather armour (worn)
Scrolls
 f - a scroll of identify {unknown}
 i - a scroll of teleportation {unknown}
Potions
 e - a potion of heal wounds {unknown}
 g - a potion of might {unknown}
 h - a potion of curing {unknown}
Books
 c - a book of Battle

   Spells                             Type                      Level
   a - Infusion                       Charms                       1
   b - Shroud of Golubria             Charms/Translocation         2
   c - Song of Slaying                Charms                       2
   d - Spectral Weapon                Hexes/Charms                 3
   e - Regeneration                   Charms/Necromancy            3
Comestibles
 d - 3 rations


   Skills:
 + Level 2.3 Fighting
 + Level 2.1 Long Blades
 * Level 1.8 Armour
 - Level 1.7 Dodging
 - Level 2.0 Spellcasting
 + Level 3.0 Charms


You had one spell level left.
You knew the following spells:

 Your Spells              Type           Power        Failure   Level  Hunger
a - Shroud of Golubria    Chrm/Tloc      #.........   26%         2    ###....
b - Song of Slaying       Chrm           #.......     14%         2    ###....
c - Infusion              Chrm           #...         9%          1    ##.....


Dungeon Overview and Level Annotations

Branches:
Dungeon (2/15)

Altars:


Innate Abilities, Weirdness & Mutations

You have a pair of small horns on your head.


Message History

Strange energies run through your body. The quokka barely misses you.
You hit the quokka.
You kill the quokka!
The worm bites you.
Things that are here:
a spear; a quokka corpse
Casting: Shroud of Golubria
Confirm with . or Enter, or press ? or * to list all spells.
Space distorts slightly along a thin shroud covering your body.
Your shroud bends the worm's attack away.
You hit the worm. You headbutt the worm.
The worm is moderately wounded.
You hit the worm but do no damage.
The worm is moderately wounded.
The worm bites you!
Your shroud falls apart!
You hit the worm but do no damage.
The worm is moderately wounded.
The worm bites you!
You die...

#.####......######
#>...+...........##
#.####............#
#.#
#(...........#####
#.#
#.....†..........#
#.#
#................#
#.#
#..............?.#
#.#
#................#
#.#
###########@w....#
..# #..........#
### #.....#..###
#.....##.# #....>#
..# #.....# #.#
#.....# .# #.....#


You could see a worm.

Vanquished Creatures
  An ooze (D:1)
  A leopard gecko (D:1)
  A bat (D:2)
  7 goblins (D:1)
  4 hobgoblins (D:1)
  A quokka (D:2)
  7 frilled lizards
  A kobold (D:1)
  2 rats
25 creatures vanquished.

Notes
Turn   | Place    | Note
-------+----------+-------------------------------------------
     0 | D:1      | Ivernyr the Demonspawn Skald began the quest for the Orb.
     0 | D:1      | Reached XP level 1. HP: 16/16 MP: 3/3
    27 | D:1      | Reached skill level 1 in Armour
    47 | D:1      | Gained mutation: You have a pair of small horns on your head. [demonic ancestry]
    47 | D:1      | Reached XP level 2. HP: 15/22 MP: 5/5
   624 | D:1      | Learned a level 2 spell: Song of Slaying
   627 | D:1      | Learned a level 2 spell: Shroud of Golubria
  1033 | D:2      | Reached XP level 3. HP: 26/28 MP: 6/6
  1142 | D:2      | Reached skill level 3 in Charms
  1162 | D:2      | Slain by a worm

Skill      XL: |  1  2  3 |
---------------+----------+-----
Armour         | 1 |  1.8
Long Blades    | 2 |  2.1
Charms         | 3 |  3.0
Fighting       | |  2.3
Dodging        | |  1.7
Spellcasting   | |  2.0

Action                   || total
-------------------------++-------
Melee: Falchion          ||    64
       Headbutt          ||     7
 Cast: Shroud of Golubri ||     1
  Eat: Chunk             ||     1
Armor: Leather armour    ||    15
Dodge: Dodged            ||    51
       Rpst.: Falchion   ||    20
